 Dungeon Crawl Stone Soup version 0.16-a0-421-gd787d97 (webtiles) character file.

66689 Ratboiler the Severer (level 15, 0/83 HPs)
             Began as a Vine Stalker Berserker on Sept 15, 2014.
             Was a High Priest of Trog.
             Slain by a sixfirhy (7 damage)
             ... summoned by an orc high priest
             ... on Level 4 of the Orcish Mines on Sept 16, 2014.
             The game lasted 01:28:50 (20348 turns).

Ratboiler the Severer (Vine Stalker Berserker)     Turns: 20348, Time: 01:28:50

HP   0/83        AC 16     Str 24      XL: 15   Next: 20%
MP   0/28        EV 17     Int  7      God: Trog [*****.]
Gold 1679        SH  0     Dex 22      Spells:  0 memorised, 14 levels left

rFire  . . .     SeeInvis .     F - +9 executioner's axe (distort)
rCold  . . .     Clarity  .     g - +2 scale mail {MR+}
rNeg   . . .     rCorr    .     (no shield)
rPois  .         rRot     +     A - +0 helmet
rElec  .         Spirit   +     b - +0 cloak
SustAb .         Warding  .     r - +0 pair of gloves {Dex+3}
rMut   .         Stasis   .     t - +0 pair of boots
Gourm  .                        (no amulet)
MR     ++++.                    K - ring of magical power
                                S - +3 ring of strength

@: regenerating, incredibly resistant to hostile enchantments, extremely
unstealthy
A: fangs 3, regeneration 3, magic shield, antimagic bite, no device heal 3, rot
immunity
a: Burn Spellbooks, Berserk, Trog's Hand, Brothers in Arms, Renounce Religion


You were on level 4 of the Orcish Mines.
You worshipped Trog.
Trog was extremely pleased with you.
You were not hungry.

You visited 3 branches of the dungeon, and saw 21 of its levels.
You also visited: Labyrinth and Sewer.

You collected 2123 gold pieces.
You spent 444 gold pieces at shops.

Inventory:

Hand weapons
 F - a +9 executioner's axe of distortion (weapon)
 P - a +3 executioner's axe of chopping
Missiles
 v - 2 silver javelins (quivered)
 Q - 8 javelins of returning
Armour
 b - a +0 cloak (worn)
 g - a +2 scale mail of magic resistance (worn)
 r - a +0 pair of gloves of dexterity (worn)
 t - a +0 pair of boots (worn)
 A - a +0 helmet (worn)
Magical devices
 a - a wand of digging (11)
 i - a wand of random effects (2)
 j - a wand of lightning (6)
 o - a wand of digging (13)
 w - a wand of fireball (3)
 z - a wand of slowing (14)
 U - a wand of flame (15)
 V - a wand of frost (17)
 W - a wand of paralysis (11)
 X - a wand of hasting (4)
 Y - a wand of cold (3)
Comestibles
 n - 4 meat rations
 x - 4 beef jerkies
 M - 16 fruits
Scrolls
 c - a scroll of blinking
 e - 7 scrolls of remove curse
 h - 2 scrolls of teleportation
 l - a scroll of magic mapping
 q - a scroll of vulnerability
 y - a scroll of recharging
 C - a scroll of summoning
 G - 2 scrolls of fear
 H - 5 scrolls of fog
 R - a scroll of identify
 Z - 2 scrolls of enchant weapon
Jewellery
 d - an uncursed ring of flight
 k - an uncursed ring of stealth
 J - an uncursed ring of fire
 K - a ring of magical power (right hand)
 O - an uncursed ring of positive energy
 S - a +3 ring of strength (left hand)
Potions
 f - 5 potions of curing
 m - 5 potions of brilliance
 p - a potion of invisibility
 s - 2 potions of resistance
 u - 6 potions of haste
 B - a potion of porridge
 D - 4 potions of restore abilities
 E - 3 potions of magic
 I - 5 potions of flight
 N - 2 potions of might
 T - a potion of agility


   Skills:
 + Level 11.2 Fighting
 * Level 15.2 Axes
 + Level 10.3 Armour
 + Level 10.3 Dodging


You had 14 spell levels left.
You didn't know any spells.

Dungeon Overview and Level Annotations

Branches:
Dungeon (9/15)             Temple (0/1) D:4             Orc (4/4) D:9
   Lair (8/8) D:8           Swamp (0/5) Lair:6       Spider (0/5) Lair:3
  Slime (0/6) Lair:7
    Elf: Orc:3-4

Altars:
Ashenzari
Cheibriados
Elyvilon
Fedhas
Kikubaaqudgha
Makhleb
Nemelex Xobeh
Okawaru
Yredelemnul
Beogh
Jiyva

Shops:
D:8 :   D:9 (::*   Orc:2 *(!%}   Orc:4 %*(!

Annotations:
Lair:1 exclusion: oklob plant
Lair:2 exclusion: oklob plant


Innate Abilities, Weirdness & Mutations

You have razor-sharp teeth.
You regenerate.
When hurt, damage is shared between your health and your magic reserves.
Your bite disrupts and absorbs the magic of your enemies.
Potions and wands cannot restore your health.
You are immune to rotting.


Message History

Anything else - Stay silent.
Gang up on whom?
Press: ? - help, Dir - move target cursor, f/p - orc high priest
Aim: an orc high priest, wielding a battleaxe (severely wounded) Attack!
You feel the effects of Trog's Hand fading.
The sixfirhy hits you.
* * * LOW HITPOINT WARNING * * *
The sixfirhy shocks you!
* * * LOW HITPOINT WARNING * * *
The sixfirhy hits you but does no damage.
Your ogre hits the sixfirhy with a giant club!!
The sixfirhy hits you.
* * * LOW HITPOINT WARNING * * *
The sixfirhy shocks you!
* * * LOW HITPOINT WARNING * * *
The sixfirhy hits you!
* * * LOW HITPOINT WARNING * * *
The sixfirhy shocks you!
You die...

### #............##..
##.###............###.
####...###...<......##...
##....#..##........###....
##.........#.......#####..)
#.........###......##.##...
#..........##....)##..#.#..
#..........###.).#)..#.####
##.##..)..@.###..)).####.##
###......4..##.)))[## ##..
#..........##).)..## #..
##.#...Oo...#......# ###
#####.......#.....# #. ##
###.......)..###### #.##
######..........#.[### ##.#
###...##...(...)..#..)..
#..####......##..((.....#..#.#


You could see an orc high priest, a sixfirhy and a friendly ogre (berserk).

Vanquished Creatures
  Saint Roka (Orc:4)
  An orc warlord (Orc:4)
  A stone giant (Orc:4)
  A fire dragon (Lair:8)
  A minotaur (Lab)
  An ettin (Orc:4)
  3 hydras
  Nessos (Orc:4)
  6 death yaks
  An orc high priest (Orc:4)
  2 catoblepae
  A lindwurm (Lair:8)
  The ghost of Ratboiler the Chopper, an experienced VSBe of Trog (D:8)
  A griffon (Lair:4)
  An oklob plant (Lair:5)
  A manticore (Lair:4)
  A smoke demon (Orc:4)
  A black mamba (Lair:7)
  7 elephants (Lair:8)
  2 spiny frogs (Lair:8)
  5 komodo dragons
  3 hellwings (Orc:4)
  11 fire drakes
  The ghost of Elizilla the Ruffian, an average TrMo (Sewer)
  2 two-headed ogres (Orc:4)
  5 giant leeches
  3 trolls
  3 blink frogs
  3 wandering mushrooms
  5 basilisks
  3 trapdoor spiders (Lab)
  15 yaks
  3 steam dragons
  10 wyverns (Lair:4)
  2 mottled dragons (Lair:8)
  10 hippogriffs
  6 wolves (Lair:4)
  A hell hound (Lair:4)
  9 porcupines
  4 wargs
  37 orc warriors
  A swamp drake (Lair:8)
  7 water moccasins
  An ice beast (D:7)
  3 black bears
  15 ogres
  A sky beast (D:8)
  2 boring beetles
  A phantom (D:7)
  2 centaurs
  A yellow wasp (Lair:3)
  Sigmund (D:1)
  9 crocodiles
  A big kobold (D:9)
  2 gnoll sergeants
  2 brain worms (Lair:8)
  A wyvern zombie (D:8)
  11 giant frogs
  6 scorpions
  9 killer bees (D:8)
  An electric eel (Lair:4)
  3 goliath beetles
  2 lava snakes (Lair:8)
  10 jellies
  10 hounds
  2 crimson imps
  A giant frog zombie (D:7)
  24 orc priests
  A black bear zombie (D:8)
  8 iguanas
  28 orc wizards
  7 worker ants
  17 sheep
  6 orange rats
  8 gnolls
  17 adders
  A gnoll skeleton (D:5)
  A scorpion zombie (D:7)
  2 shadow imps
  35 green rats
  5 giant mites
  16 worms
  4 orc zombies
  2 orc skeletons
  5 giant geckos
  16 oozes
  253 orcs
  3 ball pythons
  4 giant cockroaches
  36 goblins
  15 hobgoblins
  12 jackals
  21 kobolds
  10 quokkas
  18 bats
  4 giant newts
  A hobgoblin skeleton (D:5)
  A kobold skeleton (D:4)
  An orc simulacrum (Orc:3)
  20 rats
  A spectral orc (D:3)
  5 ballistomycetes (D:7)
  4 fungi
  6 plants
899 creatures vanquished.

Vanquished Creatures (collateral kills)
  A stone giant (Orc:4)
  A fire dragon (Lair:8)
  The ghost of flinch the Cloud Mage, a powerful DrAE of Sif Muna (Lair:2)
  2 hydras (Lair:3)
  3 death yaks (Lair:5)
  5 orc high priests (Orc:4)
  A cyclops (Orc:4)
  An orc sorcerer (Orc:4)
  A black mamba (Lair:3)
  6 elephants
  A spiny frog (Lair:3)
  2 smoke demons (Orc:4)
  An orange demon (Orc:4)
  5 komodo dragons
  2 fire drakes
  A hellwing (Orc:4)
  3 blink frogs (Lair:7)
  Sonja (Orc:4)
  10 yaks
  A wyvern (Lair:6)
  A chaos spawn (Orc:4)
  2 water moccasins
  4 porcupines
  4 orc warriors (Orc:4)
  An ogre (Orc:4)
  A crocodile (Lair:6)
  A brain worm (Lair:8)
  A scorpion (Lair:3)
  A goliath beetle (Lair:3)
  4 orc priests (Orc:4)
  3 adders
  5 green rats
  2 worms
  A giant mite (Lair:3)
  9 orcs (Orc:4)
  2 quokkas
  2 giant cockroaches (Lair:3)
  A goblin (Orc:4)
  2 orc zombies (Orc:4)
96 creatures vanquished.

Vanquished Creatures (others)
  An ettin (Orc:4)
  Josephine (Orc:3)
  A hydra (Lair:7)
  A death yak (Lair:5)
  A catoblepas (Lair:4)
  A griffon (Lair:4)
  A raven (Lair:6)
  2 two-headed ogres
  A yak (Lair:8)
  3 hippogriffs
  An ogre (Lair:7)
  A porcupine (Lair:6)
  A boring beetle (Lair:7)
  A giant frog (Lair:1)
  A hound (Lair:1)
  An iguana (Lair:8)
  3 green rats
  A worm (Lair:8)
  An ooze (Lair:1)
  3 orcs
  A giant spore (D:7)
  8 fungi
  14 plants
50 creatures vanquished.

Grand Total: 1045 creatures vanquished

Notes
Turn   | Place    | Note
--------------------------------------------------------------
     0 | D:1      | Ratboiler, the Vine Stalker Berserker, began the quest for the Orb.
     0 | D:1      | Reached XP level 1. HP: 11/11 MP: 1/1
    81 | D:1      | Reached skill level 3 in Axes
    81 | D:1      | Reached XP level 2. HP: 8/16 MP: 0/3
   410 | D:1      | Acquired Trog's second power
   635 | D:2      | Noticed Sigmund
   640 | D:1      | Killed Sigmund
   640 | D:1      | Reached XP level 3. HP: 20/20 MP: 4/4
   640 | D:1      | Reached XP level 4. HP: 24/24 MP: 5/5
   787 | D:2      | Reached XP level 5. HP: 24/28 MP: 7/7
   806 | D:2      | Reached skill level 4 in Axes
   990 | D:2      | Found a shattered altar of Ashenzari.
  1512 | D:3      | Found an ancient bone altar of Kikubaaqudgha.
  1647 | D:3      | Gained mutation: You heal very quickly. [vine stalker growth]
  1647 | D:3      | Reached XP level 6. HP: 32/32 MP: 8/8
  2179 | D:3      | Found a basalt altar of Yredelemnul.
  2270 | D:4      | Reached skill level 5 in Axes
  2280 | D:4      | Acquired Trog's third power
  2419 | D:4      | Found a white marble altar of Elyvilon.
  2458 | D:4      | Reached XP level 7. HP: 37/37 MP: 9/9
  2644 | D:4      | Found a staircase to the Ecumenical Temple.
  2927 | D:5      | Entered Level 5 of the Dungeon
  3349 | D:5      | Gained mutation: You have razor-sharp teeth. [vine stalker growth]
  3349 | D:5      | Reached XP level 8. HP: 42/42 MP: 11/11
  3631 | D:5      | Found a glowing drain.
  3639 | Sewer    | Entered a sewer
  3646 | Sewer    | Reached skill level 6 in Axes
  3677 | Sewer    | Received a gift from Trog
  3737 | Sewer    | Noticed Elizilla's ghost (average TrMo)
  3803 | Sewer    | Killed Elizilla's ghost
  4702 | D:6      | Reached skill level 5 in Fighting
  4756 | D:6      | Reached skill level 7 in Axes
  4768 | D:6      | Reached XP level 9. HP: 47/47 MP: 12/12
  5422 | D:7      | Received a gift from Trog
  5439 | D:7      | Reached skill level 8 in Axes
  5441 | D:7      | Reached skill level 5 in Armour
  5957 | D:7      | Found a blossoming altar of Fedhas.
  6216 | D:8      | Noticed Ratboiler's ghost (experienced VSBe)
  6221 | D:8      | Killed Ratboiler's ghost
  6221 | D:8      | Reached skill level 5 in Dodging
  6221 | D:8      | Reached XP level 10. HP: 53/53 MP: 13/13
  6311 | D:8      | Found an iron altar of Okawaru.
  6378 | D:8      | Reached skill level 9 in Axes
  6440 | D:8      | Noticed a fire drake
  6447 | D:8      | Killed a fire drake
  6486 | D:8      | Found a staircase to the Lair.
  6535 | D:8      | Received a gift from Trog
  6831 | D:8      | Found Iguopp's Book Shop.
  6987 | D:8      | Found a sparkling altar of Nemelex Xobeh.
  7105 | Lair:1   | Entered Level 1 of the Lair of Beasts
  7565 | Lair:1   | Noticed an oklob plant
  8119 | Lair:2   | Noticed flinch's ghost (powerful DrAE)
  8175 | Lair:2   | Reached skill level 10 in Axes
  8270 | Lair:2   | Killed flinch's ghost
  8270 | Lair:2   | Reached XP level 11. HP: 58/58 MP: 15/15
  8322 | Lair:2   | Noticed an oklob plant
  8884 | Lair:3   | Noticed a four-headed hydra
  8889 | Lair:3   | Killed a seven-headed hydra
  8894 | Lair:3   | Noticed a five-headed hydra
  8899 | Lair:3   | Killed a six-headed hydra
  9004 | Lair:3   | Found a hole to the Spider Nest.
  9032 | Lair:3   | Noticed a catoblepas
  9045 | Lair:3   | Killed a catoblepas
  9534 | Lair:3   | Reached skill level 11 in Axes
  9890 | Lair:4   | Received a gift from Trog
  9980 | Lair:4   | Gained mutation: You regenerate. [vine stalker growth]
  9980 | Lair:4   | Reached XP level 12. HP: 51/64 MP: 12/16
 10036 | Lair:4   | Noticed a catoblepas
 10064 | Lair:4   | Banished a catoblepas
 10722 | Lair:4   | Reached skill level 12 in Axes
 10909 | Lair:5   | Received a gift from Trog
 10931 | Lair:5   | Noticed a death yak
 10939 | Lair:5   | Noticed a death yak
 10950 | Lair:5   | Noticed a death yak
 10950 | Lair:5   | Banished a death yak
 10954 | Lair:5   | Noticed a death yak
 10963 | Lair:5   | Noticed a death yak
 10964 | Lair:5   | Noticed a death yak
 10996 | Lair:5   | Killed a death yak
 10999 | Lair:5   | Killed a death yak
 11002 | Lair:5   | Killed a death yak
 11002 | Lair:5   | Killed a death yak
 11192 | Lair:5   | Killed a death yak
 11802 | Lair:6   | Found a labyrinth entrance.
 11825 | Lair:6   | Reached XP level 13. HP: 66/70 MP: 17/17
 11853 | Lab      | Entered a labyrinth
 12467 | Lab      | Noticed a minotaur
 12629 | Lab      | Killed a minotaur
 12983 | Lair:6   | Found a staircase to the Swamp.
 13257 | Lair:7   | Reached skill level 13 in Axes
 13334 | Lair:7   | Received a gift from Trog
 13611 | Lair:7   | Got a twisted battleaxe {god gift}
 13655 | Lair:7   | Found a viscous altar of Jiyva.
 13657 | Lair:7   | Found a staircase to the Slime Pits.
 14321 | Lair:8   | Entered Level 8 of the Lair of Beasts
 14651 | Lair:8   | Reached skill level 10 in Fighting
 14733 | Lair:8   | Received a gift from Trog
 14866 | Lair:8   | Reached XP level 14. HP: 77/77 MP: 17/18
 15207 | Lair:8   | Received a gift from Trog
 15711 | Lair:8   | Reached skill level 14 in Axes
 16315 | D:9      | Found Looceaj's Book Shop.
 16329 | D:9      | Found Qihio's Book Boutique.
 16351 | D:9      | Found a burning altar of Makhleb.
 16361 | D:9      | Identified the +4 battleaxe of Fixation {chop, rC+} (Trog gifted it to you on level 7 of the Lair of Beasts)
 16525 | D:9      | Found Wiosed's Weapon Boutique.
 16573 | D:9      | Found a snail-covered altar of Cheibriados.
 16715 | D:9      | Found Inumorra's General Store.
 16718 | D:9      | Bought a potion of haste for 98 gold pieces
 16746 | D:9      | Found a staircase to the Orcish Mines.
 16983 | Orc:1    | Entered Level 1 of the Orcish Mines
 16992 | Orc:1    | Received a gift from Trog
 17291 | Orc:2    | Found Affebbi's Food Emporium.
 17356 | Orc:2    | Received a gift from Trog
 17462 | Orc:2    | Found Vengunno's Gadget Shop.
 17470 | Orc:2    | Bought a wand of random effects (2) for 32 gold pieces
 17545 | Orc:3    | Noticed Josephine
 17550 | Orc:3    | Killed Josephine
 17633 | Orc:3    | Received a gift from Trog
 17753 | Orc:2    | Found Detit's Distillery.
 17834 | Orc:2    | Noticed an orc warlord
 17846 | Orc:2    | Banished an orc warlord
 17939 | Orc:2    | Found Afipub's General Store.
 17952 | Orc:2    | Bought a scroll of teleportation for 48 gold pieces
 17966 | Orc:2    | Found Oguimm's Antique Weapon Emporium.
 18525 | Orc:4    | Entered Level 4 of the Orcish Mines
 18539 | Orc:4    | Noticed Nessos
 18541 | Orc:4    | Noticed Sonja
 18722 | Orc:4    | Killed Nessos
 18733 | Orc:4    | Killed Sonja
 18884 | Orc:4    | Received a gift from Trog
 19173 | Orc:4    | Reached skill level 10 in Dodging
 19174 | Orc:4    | Noticed a stone giant
 19248 | Orc:4    | Killed a stone giant
 19264 | Orc:4    | Received a gift from Trog
 19434 | Orc:4    | Found a roughly hewn altar of Beogh.
 19434 | Orc:4    | Noticed an orc warlord
 19437 | Orc:4    | Found Chebbih's Food Emporium.
 19440 | Orc:4    | Killed an orc warlord
 19440 | Orc:4    | Reached skill level 10 in Armour
 19603 | Orc:4    | Found Musaaj's General Store.
 19608 | Orc:4    | Bought a scroll of enchant weapon for 105 gold pieces
 19608 | Orc:4    | Bought a scroll of identify for 28 gold pieces
 19608 | Orc:4    | Bought a scroll of enchant weapon for 105 gold pieces
 19608 | Orc:4    | Bought a scroll of identify for 28 gold pieces
 19754 | Orc:4    | Noticed Saint Roka
 19767 | Orc:4    | Received a gift from Trog
 19867 | Orc:4    | Found a roughly hewn altar of Beogh.
 19971 | Orc:4    | Killed Saint Roka
 19971 | Orc:4    | Reached skill level 15 in Axes
 19971 | Orc:4    | Reached XP level 15. HP: 82/82 MP: 19/19
 20123 | Orc:4    | Found Juigaa's Distillery.
 20124 | Orc:4    | Received a gift from Trog
 20178 | Orc:4    | Found Ocixtusa's Antique Weapon Emporium.
 20348 | Orc:4    | Slain by a sixfirhy

Action                   |  1- 3 |  4- 6 |  7- 9 | 10-12 | 13-15 || total
-------------------------+-------+-------+-------+-------+-------++-------
Melee: Hand axe          |    38 |   100 |       |       |       ||   138
       Spear             |       |    67 |   148 |       |       ||   215
       Executioner's axe |       |       |   130 |   339 |   669 ||  1138
Throw: Javelin           |       |     5 |       |     4 |    10 ||    19
Invok: Berserk           |     1 |     4 |     7 |    12 |    26 ||    50
       Brothers in Arms  |       |       |       |     5 |    17 ||    22
       Trog's Hand       |       |       |       |     1 |    15 ||    16
Evoke: Wand              |       |       |     2 |     3 |     8 ||    13
  Use: Scroll            |       |       |    17 |    14 |    12 ||    43
       Potion            |       |       |       |       |     2 ||     2
 Stab: Distracted        |       |       |       |     1 |       ||     1
       Petrifying        |       |       |       |       |     1 ||     1
       Petrified         |       |       |       |       |     1 ||     1
  Eat: Chunk             |       |    10 |    17 |    21 |    21 ||    69
       Beef jerky        |       |       |     1 |     1 |     7 ||     9
       Pizza             |       |       |       |     2 |     1 ||     3
       Royal jelly       |       |       |       |     1 |       ||     1
       Fruit             |       |       |       |     4 |       ||     4
       Meat ration       |       |       |       |       |     4 ||     4
       Bread ration      |       |       |       |       |     2 ||     2
